 Dungeon Crawl Stone Soup version 0.30.1-9-gdf580d7c3d (webtiles) character file.

Game seed: 5073773929868235176

440 Dillybarz the Chopper (level 6, -7/56 HPs)
             Began as a Minotaur Fighter on Sept 29, 2023.
             Was an Initiate of Okawaru.
             Killed by nerve-wracking pain
             ... invoked by a shadow imp
              (13 damage)
             ... on level 5 of the Dungeon.
             The game lasted 00:10:22 (3946 turns).

Dillybarz the Chopper (Minotaur Fighter)            Turns: 3946, Time: 00:10:23

Health: -7/56      AC: 11    Str: 22      XL:     6   Next: 70%
Magic:  5/5        EV:  8    Int:  5      God:    Okawaru [......]
Gold:   243        SH:  4    Dex:  9 (10) Spells: 5/5 levels left

rFire   . . .        a - +0 war axe
rCold   . . .        c - +0 buckler
rNeg    . . .        n - +0 chain mail
rPois   .            (helmet restricted)
rElec   .            (no cloak)
rCorr   .            p - +0 pair of gloves
SInv    .            (no boots)
Will    .....        (no amulet) Stlth
                     e - +4 ring of slaying
HPRegen 0.29/turn    (no ring)
MPRegen 0.09/turn

%: no passive effects
@: lethally poisoned (-7 -> -13)
A: horns 2, retaliatory headbutt
a: Renounce Religion


You were on level 5 of the Dungeon.
You worshipped Okawaru.
Okawaru was noncommittal.
You visited 1 branch of the dungeon, and saw 5 of its levels.

You collected 243 gold pieces.

Inventory:

Hand Weapons
 a - a +0 war axe (weapon)
Missiles
 g - 2 boomerangs
 i - 34 stones (quivered)
Armour
 c - a +0 buckler (worn)
 n - a +0 chain mail (worn)
 p - a +0 pair of gloves (worn)
Jewellery
 e - a +4 ring of slaying (left hand)
 j - a ring of ice
 r - a ring of protection from cold
Wands
 s - a wand of mindburst (5)
Potions
 b - 3 potions of brilliance
 d - a potion of might
 f - 2 potions of lignification
 h - a potion of ambrosia
 k - a potion of mutation
 l - a potion of flight
 m - 2 potions of heal wounds
 t - a potion of attraction {unknown}
 u - a potion of haste {unknown}


   Skills:
 + Level 5.2 Fighting
 * Level 5.8 Axes
 + Level 5.2 Armour
 + Level 5.1 Shields


You had 5 spell levels left.
You didn't know any spells.
Your spell library contained the following spells:

 Spells                   Type           Power      Damage    Failure   Level
 Apportation              Tloc           0%         N/A       98%         1
 Necrotise                Necr           0%         1d4       98%         1
 Vhi's Electric Charge    Tloc/Air       0%         N/A       100%        3
 Alistair's Intoxication  Tmut/Pois      0%         N/A       100%        5
 Arcjolt                  Conj/Air       0%         1d10      100%        5
 Plasma Beam              Fire/Air       0%         2x1d11    100%        6
 Summon Small Mammal      Summ           Unusable   N/A       N/A         1

Dungeon Overview and Level Annotations

Branches:
Dungeon (5/15)
 Temple: D:4-7

Altars:
Hepliaklqana
Okawaru

Annotations:
D:5 Eustachio


Innate Abilities, Weirdness & Mutations

You have a pair of horns on your head.
You reflexively headbutt those who attack you in melee.


Message History

The bat's corpse disappears in a puff of smoke!
You completely miss the quokka. You closely miss the shadow imp.
You feel sick.
The quokka bites you but does no damage.
Eustachio hits you with a +0 rapier of venom.
You are more poisoned.
The shadow imp gestures at you. Pain shoots through your body!
You closely miss Eustachio.
Eustachio is heavily wounded.
You barely miss the quokka. You hit the shadow imp.
You feel very sick. The quokka barely misses you.
Eustachio hits you but does no damage. The shadow imp gestures at you.
Pain shoots through your body! You block the quokka's attack.
You hit Eustachio. Your headbutt misses Eustachio.
Eustachio is severely wounded.
You closely miss the quokka. You closely miss the shadow imp.
You feel very sick.
The shadow imp hits you but does no damage.
Eustachio mumbles some strange words.
Eustachio blinks!
The quokka barely misses you. You furiously retaliate!
You headbutt the quokka, but do no damage.
The shadow imp hits you.
* * * LOW HITPOINT WARNING * * *
You hit the ufetubus.
The ufetubus is almost dead.
You slash the quokka!
You kill the quokka!
The quokka's corpse disappears in a puff of smoke!
You hit Eustachio. You closely miss the shadow imp.
* * * LOW HITPOINT WARNING * * *
You feel sick.
The ufetubus hits you but does no damage.
The ufetubus completely misses you.
The ufetubus hits you but does no damage.
The ufetubus hits you.
* * * LOW HITPOINT WARNING * * *
The shadow imp gestures at you. Pain shoots through your body!
You die...

##. #.#. .. ....
#.###..### ........
###.....# .......#
~..########.....#
#...........<...#
≈#~..####@@......#
#≈~.....5r5.....#....
≈≈#.......#.##### ###
#.........#
#..#####.#..... #.
#.#####. .. ... .
##.#. #+#.#


You could see Eustachio, a shadow imp, an ufetubus (summoned) and a rat
(summoned).

Vanquished Creatures
  A black bear (D:4)
  A scorpion (D:4)
  A hound (D:4)
  An iguana (D:2)
  An orc wizard (D:4)
  Robin (D:2)
  6 gnolls
  4 adders
  A dart slug (D:1)
  7 orcs (D:4)
  9 ball pythons
  5 endoplasms
  A giant cockroach (D:4)
  14 goblins
  9 hobgoblins
  8 jackals
  6 quokkas
  3 bats
  3 frilled lizards
  5 kobolds
  4 rats
91 creatures vanquished.

Notes
Turn   | Place    | Note
-------+----------+-------------------------------------------
     0 | D:1      | Dillybarz the Minotaur Fighter began the quest for the Orb.
     0 | D:1      | Reached XP level 1. HP: 19/19 MP: 0/0
    65 | D:1      | Reached XP level 2. HP: 21/27 MP: 1/1
   556 | D:1      | Reached XP level 3. HP: 33/33 MP: 2/2
  1073 | D:2      | Reached XP level 4. HP: 40/40 MP: 3/3
  1094 | D:2      | Noticed Robin
  1105 | D:2      | Killed Robin
  1768 | D:3      | Found a hazy altar of Hepliaklqana.
  2042 | D:3      | Reached XP level 5. HP: 47/47 MP: 4/4
  2139 | D:3      | Found a faded altar of an unknown god.
  2142 | D:3      | Found an iron altar of Okawaru.
  2150 | D:3      | Became a worshipper of Warmaster Okawaru
  2922 | D:4      | Reached skill level 5 in Axes
  2927 | D:4      | Reached XP level 6. HP: 20/55 MP: 5/5
  3170 | D:4      | Reached skill level 5 in Fighting
  3170 | D:4      | Reached skill level 5 in Armour
  3170 | D:4      | Reached skill level 5 in Shields
  3789 | D:5      | Entered Level 5 of the Dungeon
  3789 | D:5      | Noticed Eustachio
  3946 | D:5      | Killed from afar by a shadow imp

Illustrated notes

Levels and vault maps discovered:
D:1:      lightli_arrival_boilingwater, layout_basic, serial_forest,
          infiniplex_forest_lined_room_, infiniplex_forest_straight_5,
          infiniplex_forest_zigzag_2, infiniplex_forest_diagonal,
          infiniplex_forest_side_room, infiniplex_forest_split,
          infiniplex_forest_clump_double, infiniplex_forest_clump_large
D:2:      layout_loops_corners, uniq_robin
D:3:      wad_woods_stonehenge, layout_basic, overflow_temple_1_default,
          basic_ecumenical_altar
D:4:      layout_loops_corners
D:5:      layout_basic, nicolae_overflow_two_pavilions,
          nicolae_ru_sacrificial_ziggurat, minmay_temple_entry_purple_smoke,
          hangedman_decor_opposing, minivault_4, uniq_edmund, uniq_eustachio

Skill      XL: |  1  2  3  4  5  6 |
---------------+-------------------+-----
Axes           | 3 4 5 |  5.8
Armour         | 4 5 |  5.2
Fighting       | 4 5 |  5.2
Shields        | 4 5 |  5.1

Action                     |  1- 3 |  4- 6 || total
---------------------------+-------+-------++-------
  Melee: War axe           |    70 |   170 ||   240
         Headbutt          |     8 |    33 ||    41
    Use: Scroll            |       |    10 ||    10
 Armour: Scale mail        |    40 |     3 ||    43
         Chain mail        |       |    67 ||    67
  Dodge: Dodged            |    38 |    68 ||   106
  Block: Buckler           |    12 |    39 ||    51
